 Dungeon Crawl Stone Soup version 0.24-a0-464-g6b2be6b8c7 (webtiles) character file.

Game seed: 4875655559200446662

41 Inarius the Chucker (level 3, 0/28 HPs)
             Began as a Demonspawn Hunter on July 3, 2019.
             Succumbed to an adder's poison
             ... on level 2 of the Dungeon.
             The game lasted 00:01:24 (1112 turns).

Inarius the Chucker (Demonspawn Hunter)             Turns: 1112, Time: 00:01:25

Health: 0/28       AC:  4    Str: 13    XL:     3   Next: 32%
Magic:  1/3        EV: 12    Int: 12    God:
Gold:   51         SH:  0    Dex: 13    Spells: 2/2 levels left

rFire    . . .     SeeInvis .   a - +0 short sword
rCold    . . .     Gourm    .   (no shield)
rNeg     . . .     Faith    .   b - +0 leather armour
rPois    .         Spirit   +   (no helmet)
rElec    .         Reflect  .   (no cloak)
rCorr    .         Harm     .   (no gloves)
MR       .....                  k - +0 pair of boots
Stlth    +.........             (no amulet)
HPRegen  0.09/turn              (no ring)
MPRegen  0.08/turn              (no ring)

@: lethally poisoned (0 -> -9), flying
A: talons 1, magic shield
a: no special abilities


You were on level 2 of the Dungeon.
You were not hungry.

You visited 1 branch of the dungeon, and saw 2 of its levels.

You collected 51 gold pieces.

Inventory:

Hand Weapons
 a - a +0 short sword (weapon)
Missiles
 c - 6 javelins (quivered)
 d - 2 throwing nets
Armour
 b - a +0 leather armour (worn)
 k - a +0 pair of boots (worn)
Scrolls
 h - 2 scrolls of identify {unknown}
 i - a scroll of fog {unknown}
 l - a scroll of amnesia {unknown}
 m - a scroll of teleportation {unknown}
Potions
 e - a potion of flight
Comestibles
 f - a ration
 g - a chunk of flesh


   Skills:
 * Level 2.4 Fighting
 - Level 0.3 Short Blades
 + Level 4.2 Throwing
 + Level 0.5 Armour
 + Level 2.0 Dodging
 - Level 0.8 Stealth


You had 2 spell levels left.
You didn't know any spells.
Your spell library was empty.

Dungeon Overview and Level Annotations

Branches:
Dungeon (2/15)

Altars:


Innate Abilities, Weirdness & Mutations

You have sharp toenails.
When hurt, damage is shared between your health and your magic reserves.


Message History

The hobgoblin barely misses you. The adder bites you.
* * * LOW HITPOINT WARNING * * *
The bat hits you but does no damage.
You miss the adder.
The adder is almost dead.
* * * LOW HITPOINT WARNING * * *
You feel sick. The bat misses you. The bat barely misses you.
The adder bites you but does no damage. The hobgoblin closely misses you.
Unknown command.
You hit the adder.
You kill the adder!
Your Dodging skill increases to level 2!
* * * LOW HITPOINT WARNING * * *
You feel sick. The bat barely misses you. The hobgoblin barely misses you.
The bat closely misses you.
Unknown command.
* * * LOW HITPOINT WARNING * * *
You feel sick. The bat hits you but does no damage. The bat hits you.
Okay, then.
You die...

#...........>... ###
#....<......>... ...
#...........##### ..#
###................#
........##....####.#
...##....#..#.....^##.#
### #.......####rb....#
#...#.#....b....#
.........@.g......#
##........#####..###
..##...#$# .... .
#..##.. ... #.. ##. ..
.... .# . ... ..


You could see a hobgoblin, 2 bats and a rat.

Vanquished Creatures
  An adder (D:2)
  A dart slug (D:1)
  A leopard gecko (D:1)
  7 goblins (D:1)
  5 hobgoblins (D:1)
  3 jackals (D:1)
  4 bats (D:1)
  A frilled lizard (D:1)
  3 rats (D:1)
26 creatures vanquished.

Notes
Turn   | Place    | Note
-------+----------+-------------------------------------------
     0 | D:1      | Inarius the Demonspawn Hunter began the quest for the Orb.
     0 | D:1      | Reached XP level 1. HP: 16/16 MP: 1/1
   401 | D:1      | Gained mutation: You have sharp toenails. [demonic
                  | ancestry]
   401 | D:1      | Reached XP level 2. HP: 19/22 MP: 2/2
   555 | D:1      | Reached skill level 4 in Throwing
   980 | D:1      | Gained mutation: When hurt, damage is shared between your
                  | health and your magic reserves. [demonic ancestry]
   980 | D:1      | Reached XP level 3. HP: 23/28 MP: 3/3
  1111 | D:2      | HP: 1/28 [poisoned by an adder]
  1112 | D:2      | Succumbed to an adder's poison

Levels and vault maps discovered:
D:1:      minmay_arrival_nine_rooms, layout_loops_ring, dk_noncrumbling_4
D:2:      layout_rooms

Skill      XL: |  1  2  3 |
---------------+----------+-----
Throwing       | 4 |  4.2
Dodging        | 2 |  2.0
Fighting       | |  2.4
Short Blades   | |  0.3
Armour         | |  0.5
Stealth        | |  0.8

Action                   || total
-------------------------++-------
Melee: Short sword       ||   115
       Kick              ||     8
  Use: Potion            ||     2
 Stab: Sleeping          ||     1
  Eat: Chunk             ||     1
Armor: Leather armour    ||    33
Dodge: Dodged            ||    89

Table legend:
 A = Non-vault XP
 B = Vault XP
 C = Vault XP percentage of total XP
 D = Non-vault monster count
 E = Vault monster count
 F = Vault count percentage of total count
                 A         B        C        D         E       F
            +---------+---------+-------+---------+---------+-------
      Total |      59 |       0 |   0.0 |      26 |       0 |   0.0
            +---------+---------+-------+---------+---------+-------
        D:1 |      46 |       0 |   0.0 |      25 |       0 |   0.0
        D:2 |      13 |       0 |   0.0 |       1 |       0 |   0.0
            +---------+---------+-------+---------+---------+-------
